 Dungeon Crawl Stone Soup version 0.29.0-11-gd7f09526c8 (webtiles) character file.

Game seed: 10152415340999160412

155 firemarshallily the Caller (level 5, 0/38 HPs)
             Began as a Merfolk Summoner on Sept 4, 2022.
             Slain by Natasha (7 damage)
             ... on level 3 of the Dungeon.
             The game lasted 00:14:20 (4038 turns).

firemarshallily the Caller (Merfolk Summoner)       Turns: 4038, Time: 00:14:21

Health: 0/38       AC:  2    Str:  8    XL:     5   Next: 37%
Magic:  1/9        EV: 12    Int: 17    God:
Gold:   160        SH:  0    Dex: 14    Spells: 4/10 levels left

rFire   . . .      SeeInvis .   o - +0 spear
rCold   . . .      Faith    .   (no shield)
rNeg    . . .      Spirit   .   a - +0 robe
rPois   .          Reflect  .   (no helmet)
rElec   .          Harm     .   (no cloak)
rCorr   .          Rampage  .   (no gloves)
Will    .....                   (no boots)
Stlth   ++........              (no amulet)
HPRegen 0.12/turn               (no ring)
MPRegen 0.11/turn               (no ring)

@: no status effects
A: (nimble swimmer 2), mertail
a: no special abilities


You were on level 3 of the Dungeon.
You visited 1 branch of the dungeon, and saw 3 of its levels.

You collected 160 gold pieces.

Inventory:

Hand Weapons
 c - a +0 dagger
 o - a +0 spear (weapon)
Missiles
 d - 33 stones
 r - 3 boomerangs
 t - 7 poisoned darts
Armour
 a - a +0 robe (worn)
 g - a +0 leather armour
Jewellery
 j - a ring of flight
Wands
 s - a wand of iceblast (13)
Scrolls
 i - a scroll of fog
 l - a scroll of amnesia {unknown}
 n - 2 scrolls of blinking {unknown}
 u - a scroll of immolation {unknown}
Potions
 b - a potion of magic
 e - a potion of attraction {unknown}
 f - 2 potions of ambrosia {unknown}
 h - a potion of resistance {unknown}
 k - a potion of heal wounds {unknown}
 m - a potion of haste
 p - 2 potions of brilliance
 q - a potion of flight {unknown}
 v - a potion of might {unknown}


   Skills:
 + Level 2.0 Fighting
 + Level 1.5 Polearms
 - Level 2.6 Dodging
 - Level 2.1 Stealth
 * Level 3.3 Spellcasting
 * Level 5.1 Summonings


You had 4 spell levels left.
You knew the following spells:

 Your Spells              Type           Power      Damage    Failure   Level
a - Summon Small Mammal   Summ           80%        N/A       1%          1
b - Call Imp              Summ           20%        N/A       3%          2
c - Call Canine Familiar  Summ           20%        N/A       6%          3

Your spell library contained the following spells:

 Spells                   Type           Power      Damage    Failure   Level
 Summon Guardian Golem    Hex/Summ       11%        N/A       19%         3
 Poisonous Vapours        Pois/Air       4%         N/A       26%         2
 Summon Lightning Spire   Summ/Air       11%        N/A       52%         4
 Corpse Rot               Necr/Pois/Air  2%         N/A       86%         4
 Passage of Golubria      Tloc           2%         N/A       86%         4
 Silence                  Hex/Air        1%         N/A       99%         5
 Lehudib's Crystal Spear  Conj/Erth      1%         10d2      100%        8


Dungeon Overview and Level Annotations

Branches:
Dungeon (3/15)

Altars:
Elyvilon
Xom

Shops:
D:2 =

Annotations:
D:3 Natasha


Innate Abilities, Weirdness & Mutations

((You are very nimble when in or above water. (Stealth+, EV+, Speed+++)))
Your lower body shifts to a powerful aquatic tail in water.


Message History

Press: ? - help, Dir - move target, f/p - Natasha
Aim: Natasha, carrying a wand of flame (12) (lightly wounded, ally target, about 45% to evade your +0 spear)
Okay, then.
Casting: Summon Small Mammal (safe; 1% risk of failure)
Confirm with . or Enter, or press ? or * to list all spells.
Unknown command.
Casting: Summon Small Mammal (safe; 1% risk of failure)
Confirm with . or Enter, or press ? or * to list all spells.
Natasha claws you but does no damage.
Your crimson imp misses Natasha.
You barely miss Natasha.
Natasha is lightly wounded.
Natasha closely misses you.
Your quokka closely misses Natasha.
Your crimson imp hits Natasha but does no damage.
You hit Natasha.
Natasha is moderately wounded.
Your quokka bites Natasha.
Natasha closely misses you.
Your crimson imp hits Natasha.
Your rat bites Natasha but does no damage.
You hit Natasha.
Natasha is heavily wounded.
Your quokka bites Natasha.
Natasha claws you!
* * * LOW HITPOINT WARNING * * *
Your crimson imp barely misses Natasha.
Your rat misses Natasha. You miss Natasha.
Natasha is severely wounded.
Your quokka barely misses Natasha.
Natasha casts a spell at you. The magic dart hits you.
* * * LOW HITPOINT WARNING * * *
Your rat closely misses Natasha.
Your crimson imp hits Natasha.
Your quokka misses Natasha. You barely miss Natasha. Your punch misses Natasha.
Natasha is almost dead.
Natasha barely misses you.
Your quokka barely misses Natasha.
Your crimson imp closely misses Natasha.
Your rat bites Natasha.
You miss Natasha.
Natasha is almost dead.
Natasha claws you!
You die...

##'## ... #.###)###.# ##...## #.
... #.###.###.# ##.....##
#.########.........#
##.......####.#.## #.###.#..##
##................#####.###.#)..#
.'...............................
##..........##..5.#####.###.....#
##.......#.##.#hr## #.# ##...##
##.....##.##.r@..# #.####..##
##...## .#####..# #.......# ##+##
.#####..# ######.## #.# ........#
#.# #.# #######†# #.# ##.## #.#
#.# #####...## #######.# #.# #
#........# #.......# #.# #
#.##.....# #.####### #.# #


You could see Natasha (ally target), a friendly crimson imp (summoned), a
friendly quokka (summoned) and a friendly rat (summoned).

Vanquished Creatures
  A bat (D:2)
  A giant cockroach (D:3)
  2 goblins
  2 hobgoblins
  A kobold (D:1)
  3 rats
10 creatures vanquished.

Vanquished Creatures (collateral kills)
  An orc priest (D:3)
  Natasha (D:3)
  3 adders
  A worm (D:3)
  2 dart slugs
  7 orcs (D:3)
  4 endoplasms
  2 giant cockroaches
  3 goblins (D:1)
  5 hobgoblins
  3 quokkas
  7 ball pythons
  3 bats
  3 frilled lizards
  5 kobolds
  3 rats
53 creatures vanquished.

Vanquished Creatures (others)
  A plant (D:1)
1 creature vanquished.

Grand Total: 64 creatures vanquished

Notes
Turn   | Place    | Note
-------+----------+-------------------------------------------
     0 | D:1      | firemarshallily the Merfolk Summoner began the quest for
                  | the Orb.
     0 | D:1      | Reached XP level 1. HP: 13/13 MP: 3/3
   211 | D:1      | Reached XP level 2. HP: 14/20 MP: 3/5
   306 | D:1      | Learned a level 2 spell: Call Imp
  1061 | D:1      | Reached skill level 1 in Fighting
  1140 | D:1      | Reached XP level 3. HP: 26/26 MP: 1/6
  1191 | D:1      | Learned a level 3 spell: Call Canine Familiar
  1669 | D:2      | Found Naeskidao's Jewellery Emporium.
  2445 | D:2      | Reached XP level 4. HP: 32/32 MP: 4/8
  2767 | D:3      | Found a faded altar of an unknown god.
  2891 | D:3      | Reached skill level 1 in Polearms
  3018 | D:3      | Noticed Natasha
  3176 | D:3      | Reached XP level 5. HP: 38/38 MP: 5/9
  3320 | D:3      | Found a shimmering altar of Xom.
  3320 | D:3      | Found a white marble altar of Elyvilon.
  3912 | D:3      | Reached skill level 5 in Summonings
  4009 | D:3      | Killed Natasha
  4024 | D:3      | Noticed Natasha
  4038 | D:3      | Slain by Natasha

Illustrated notes

Levels and vault maps discovered:
D:1:      lemuel_arrival_muddy, layout_loops_cross, serial_bayou_pond_b,
          st_stairs_2, nicolae_kite_square_tiling_tiny, dk_noncrumbling_3,
          minmay_crystal_room
D:2:      layout_loops_cross, serial_shops, shop
D:3:      layout_loops_corners, gammafunk_temple_overflow_statue,
          dreamdust_ecumenical_altar_statues, uniq_natasha

Skill      XL: |  1  2  3  4  5 |
---------------+----------------+-----
Fighting       | 1 2 |  2.0
Polearms       | 1 |  1.5
Spellcasting   | 3 |  3.3
Summonings     | 5 |  5.1
Dodging        | |  2.6
Stealth        | |  2.1

Action                   |  1- 3 |  4- 6 || total
-------------------------+-------+-------++-------
Melee: Dagger            |    34 |       ||    34
       Unarmed           |     1 |       ||     1
       Punch             |     1 |       ||     1
       Spear             |       |    33 ||    33
 Cast: Summon Small Mamm |    41 |    28 ||    69
       Call Imp          |    18 |    10 ||    28
       Call Canine Famil |     3 |     5 ||     8
  Use: Scroll            |     2 |     2 ||     4
 Stab: Sleeping          |     1 |     1 ||     2
       Distracted        |       |     2 ||     2
Armor: Robe              |     7 |     5 ||    12
Dodge: Dodged            |    22 |    11 ||    33
